 Dungeon Crawl Stone Soup version 0.30-b1-2-g02819fbbbe (webtiles) character file.

Game seed: 13749330603673988381

1682 Metae the Covered (level 8, -6/71 HPs)
             Began as a Minotaur Fighter on July 8, 2023.
             Mangled by a centaur
             ... wielding a +0 war axe of electrocution
              (13 damage)
             ... on level 5 of the Dungeon.
             The game lasted 00:10:11 (3740 turns).

Metae the Covered (Minotaur Fighter)                Turns: 3740, Time: 00:10:11

Health: -6/71      AC: 17    Str: 19    XL:     8   Next: 71%
Magic:  7/7        EV:  7    Int:  5    God:
Gold:   56         SH:  5    Dex: 11    Spells: 7/7 levels left

rFire   . . .        o - +9 hand axe of Yeast {vamp, Fly Str-3 Stlth+}
rCold   . . .        c - +0 buckler
rNeg    . . .        p - +0 plate armour
rPois   .            (helmet restricted)
rElec   .            r - +0 cloak
rCorr   .            w - +2 pair of gloves
SInv    .            (no boots)
Will    .....        (no amulet) Stlth
                     (no ring)
HPRegen 0.31/turn    (no ring)
MPRegen 0.10/turn

%: no passive effects
@: flying
A: horns 2, retaliatory headbutt
a: no special abilities


You were on level 5 of the Dungeon.
You visited 1 branch of the dungeon, and saw 5 of its levels.
You also visited: Sewer.

You collected 270 gold pieces.
You spent 214 gold pieces at shops.

Inventory:

Hand Weapons
 a - a +0 flail
 o - the +9 hand axe of Yeast (weapon) {vamp, Fly Str-3 Stlth+}
   (You found it on level 2 of the Dungeon)

   Str:       It affects your strength (-3).
   Fly:       It grants you flight.
   Stlth:     It makes you more stealthy.
 t - the +9 hammer of Trial by Ordeal {flame, Dex+2}
   (You found it on level 3 of the Dungeon)

   Dex:       It affects your dexterity (+2).
Armour
 c - a +0 buckler (worn)
 p - a +0 plate armour (worn)
 r - a +0 cloak (worn)
 w - a +2 pair of gloves (worn)
Wands
 s - a wand of charming (3)
 u - a wand of roots (7)
 E - a wand of polymorph (8)
Scrolls
 f - 3 scrolls of enchant weapon
 g - a scroll of noise {unknown}
 l - a scroll of fear
 v - 2 scrolls of enchant armour
 x - a scroll of blinking
 y - a scroll of magic mapping
 z - a scroll of brand weapon
 A - 2 scrolls of teleportation
 C - a scroll of butterflies
 D - a scroll of torment {unknown}
 F - a scroll of poison {unknown}
Potions
 b - 2 potions of flight {unknown}
 d - 3 potions of might
 e - 4 potions of heal wounds
 h - 2 potions of mutation {unknown}
 i - 5 potions of haste
 j - 2 potions of ambrosia
 k - 2 potions of magic
 m - a potion of invisibility {unknown}
 n - 2 potions of resistance {unknown}
 q - a potion of degeneration {unknown}
 B - 2 potions of curing {unknown}


   Skills:
 + Level 6.9 Fighting
 + Level 5.3(5.8) Axes
 - Level 3.1(4.6) Maces & Flails
 + Level 7.0 Armour
 + Level 5.1 Dodging
 + Level 7.0 Shields


You had 7 spell levels left.
You didn't know any spells.
Your spell library contained the following spells:

 Spells                   Type           Power      Damage    Failure   Level
 Blink                    Tloc           0%         N/A       100%        2
 Lesser Beckoning         Tloc           0%         N/A       100%        2
 Momentum Strike          Conj/Tloc      0%         3d8       100%        2
 Poisonous Vapours        Pois/Air       0%         N/A       100%        2
 Dazzling Flash           Conj/Hex       0%         N/A       100%        3
 Mephitic Cloud           Conj/Pois/Air  0%         N/A       100%        3
 Volatile Blastmotes      Fire/Tloc      0%         2d10      100%        3
 Iskenderun's Mystic Bla  Conj/Tloc      0%         2d3       100%        4
 Freezing Cloud           Conj/Ice/Air   0%         6-21      100%        5
 Starburst                Conj/Fire      0%         6d3       100%        6


Dungeon Overview and Level Annotations

Branches:
Dungeon (5/15)              Sewer (visited)
 Temple: D:4-7

Altars:

Shops:
D:1 :   D:5 ?


Innate Abilities, Weirdness & Mutations

You have a pair of horns on your head.
You reflexively headbutt those who attack you in melee.


Message History

The centaur shoots an arrow.
The arrow hits you.
The centaur shoots an arrow.
The arrow hits you.
The centaur shoots an arrow.
The arrow closely misses you.
The centaur shoots an arrow.
The arrow hits you.
The centaur shoots an arrow.
The arrow hits you but does no damage.
The centaur shoots an arrow.
You block the arrow.
There is a stone staircase leading up here.
The centaur shoots an arrow.
The arrow hits you but does no damage.
The centaur unwields a +0 shortbow.
The centaur wields a +0 war axe of electrocution.
You hear the crackle of electricity.
The centaur drinks a potion.
The centaur goes berserk!
You hit the centaur.
You feel better.
The centaur is lightly wounded.
The centaur hits you with a +0 war axe of electrocution!
The centaur kicks you but does no damage.
You block the centaur's attack. The centaur barely misses you.
The centaur closely misses you. You block the centaur's attack.
You hit the centaur but do no damage.
The centaur is lightly wounded.
The centaur hits you with a +0 war axe of electrocution!
You are electrocuted!
The centaur kicks you but does no damage.
The centaur hits you with a +0 war axe of electrocution!
* * * LOW HITPOINT WARNING * * *
You are electrocuted!
* * * LOW HITPOINT WARNING * * *
The centaur barely misses you.
The centaur hits you with a +0 war axe of electrocution.
* * * LOW HITPOINT WARNING * * *
The centaur kicks you but does no damage.
The centaur barely misses you.
The centaur kicks you but does no damage.
Blink to where?
Press: ? - help, Dir - move target
As you read the scroll of blinking, it crumbles to dust.
The centaur rages.
The centaur attacks as you move away!
The centaur hits you with a +0 war axe of electrocution!
You die...

.........................#...#...
.......#........###..#######<....
.......###...#..###..## #...####
...#...###............# ##.#.#
.#...............##...# #..#.#
.....#.#.#.###....#...###.##.#
(∩.###.#.#...................#
...........<...c.#...........#
.#..##.#.#.#####@#...>.......#
....##.#.#........)..).......#
....##.#.##........<##'##########
#...'.........##.##.#...'..#).#..
#...##...........)))#..###.##.##.
#...##.#.##..###.)..###..#.)#..#.
.................##.##..###.##...
.........##.####.##.####..#..#).#
.........##.####.##.#.#..###..†##


You could see a centaur (berserk).

Vanquished Creatures
  Eustachio (D:4)
  Edmund (D:4)
  An ice beast (D:5)
  A black bear (D:3)
  A centaur (D:5)
  2 ogres (D:5)
  A phantom (D:4)
  5 scorpions (D:5)
  A killer bee (D:5)
  3 hounds (D:5)
  Crazy Yiuf (D:3)
  4 jellies (Sewer)
  Jessica (D:3)
  Ijyb (D:3)
  2 iguanas (D:5)
  A hound zombie (D:3)
  4 gnolls (D:5)
  9 adders
  A river rat (Sewer)
  A shadow imp (D:5)
  An adder skeleton (D:3)
  4 worms
  8 orcs
  8 ball pythons
  5 bats
  18 endoplasms
  6 giant cockroaches
  3 goblins
  7 hobgoblins
  3 quokkas
  A ball python zombie (D:3)
  8 frilled lizards
  5 kobolds
  A quokka skeleton (D:3)
  9 rats
129 creatures vanquished.

Vanquished Creatures (others)
  A withered plant (D:3)
1 creature vanquished.

Grand Total: 130 creatures vanquished

Notes
Turn   | Place    | Note
-------+----------+-------------------------------------------
     0 | D:1      | Metae the Minotaur Fighter began the quest for the Orb.
     0 | D:1      | Reached XP level 1. HP: 19/19 MP: 0/0
    60 | D:1      | Found Inivuy's Vocational Training.
   123 | D:1      | Reached XP level 2. HP: 27/27 MP: 1/1
   364 | D:1      | Reached skill level 1 in Dodging
   468 | D:2      | Reached XP level 3. HP: 20/33 MP: 2/2
   771 | D:2      | Found a faded altar of an unknown god.
   854 | D:2      | Identified the +9 hand axe of Yeast {vamp, Fly Str-3
                  | Stlth+}
  1135 | D:3      | Reached XP level 4. HP: 40/40 MP: 3/3
  1300 | D:3      | Reached skill level 1 in Axes
  1336 | D:3      | Noticed a black bear
  1340 | D:3      | Killed a black bear
  1341 | D:3      | Reached XP level 5. HP: 47/47 MP: 4/4
  1378 | D:3      | Noticed Ijyb
  1398 | D:3      | Killed Ijyb
  1572 | D:3      | Found a runed translucent door.
  1573 | D:3      | Noticed Crazy Yiuf
  1612 | D:3      | Noticed Jessica
  1617 | D:3      | Killed Jessica
  1655 | D:3      | Killed Crazy Yiuf
  1656 | D:3      | Reached XP level 6. HP: 52/55 MP: 5/5
  1660 | D:3      | Identified the +9 hammer of Trial by Ordeal {flame, Dex+2}
  1711 | D:4      | Noticed Eustachio
  1723 | D:4      | Killed Eustachio
  1724 | D:4      | Reached skill level 5 in Fighting
  1724 | D:4      | Reached skill level 5 in Armour
  1724 | D:4      | Reached skill level 5 in Shields
  1789 | D:4      | Found a glowing drain.
  1798 | Sewer    | Entered a sewer
  1854 | Sewer    | Reached XP level 7. HP: 61/61 MP: 6/6
  2004 | Sewer    | Found a viscous altar of Jiyva.
  2493 | D:4      | Noticed Edmund
  2508 | D:4      | Killed Edmund
  2728 | D:5      | Entered Level 5 of the Dungeon
  2915 | D:5      | Reached XP level 8. HP: 70/70 MP: 7/7
  3004 | D:5      | Found Seurchoss's Magic Scroll Shoppe.
  3031 | D:5      | Bought a scroll of blinking for 97 gold pieces
  3031 | D:5      | Bought a scroll of teleportation for 39 gold pieces
  3031 | D:5      | Bought a scroll of identify for 26 gold pieces
  3031 | D:5      | Bought a scroll of butterflies for 52 gold pieces
  3447 | D:5      | Reached skill level 5 in Axes
  3452 | D:5      | Reached skill level 5 in Dodging
  3740 | D:5      | Mangled by a centaur

Illustrated notes

Levels and vault maps discovered:
D:1:      lordsloth_arrival_two_stooges, layout_basic, st_stairs_6,
          nicolae_shop_vocational
D:2:      layout_rooms, shapermc_ecumenical_altar_mp_highgroup
D:3:      layout_basic, serial_undead, serial_undead_f, serial_undead_f,
          serial_undead_e, serial_undead_f, minmay_goblin_kobold_house,
          uniq_ijyb, uniq_jessica, uniq_crazy_yiuf_cottage
D:4:      layout_basic, portal_sewer_entry_d, uniq_edmund, uniq_eustachio
D:5:      minmay_razor_zed, layout_basic, serial_shops, nicolae_shop_stone

Skill      XL: |  1  2  3  4  5  6  7  8 |
---------------+-------------------------+-----
Dodging        | 1 2 3 4 5 |  5.1
Fighting       | 4 5 6 |  6.9
Maces & Flails | 3 |  3.1
Armour         | 4 5 6 7 |  7.0
Shields        | 4 5 6 7 |  7.0
Axes           | 1 2 3 4 5 |  5.3

Action                     |  1- 3 |  4- 6 |  7- 9 || total
---------------------------+-------+-------+-------++-------
  Melee: Flail             |    76 |       |       ||    76
         Headbutt          |    11 |    10 |    20 ||    41
         Hand axe          |    16 |    69 |   122 ||   207
    Use: Scroll            |       |     3 |     8 ||    11
 Armour: Scale mail        |    42 |       |       ||    42
         Plate armour      |     6 |    44 |    74 ||   124
  Dodge: Dodged            |    54 |     8 |    49 ||   111
  Block: Buckler           |    20 |    12 |    29 ||    61
